 Dungeon Crawl Stone Soup version 0.31-a0-210-gccc998df9b (webtiles) character file.

Game seed: 13922056130489800565

5 ragingrage the Charlatan (level 1, -2/15 HPs)
             Began as a Formicid Artificer on June 29, 2023.
             Slain by a kobold
             ... wielding a +0 short sword
              (4 damage)
             ... on level 1 of the Dungeon.
             The game lasted 00:00:24 (55 turns).

ragingrage the Charlatan (Formicid Artificer)         Turns: 55, Time: 00:00:24

Health: -2/15      AC:  3    Str: 16    XL:     1   Next: 88%
Magic:  1/1        EV: 11    Int: 10    God:
Gold:   0          SH:  0    Dex: 14    Spells: 0/0 levels left

rFire   . . .        f - +0 dagger
rCold   . . .        (no shield)
rNeg    . . .        b - +0 leather armour
rPois   .            (helmet unavailable)
rElec   .            (no cloak)
rCorr   .            (no gloves)
SInv    +            (no boots)
Will    .....        (no amulet)
Stlth   ++           (no ring)
HPRegen 0.22/turn    (no ring)
MPRegen 0.07/turn

%: no passive effects
@: no status effects
A: permanent stasis, dig shafts and tunnels, antennae 3, four strong arms
a: Dig, Shaft Self


You were on level 1 of the Dungeon.
You visited 1 branch of the dungeon, and saw 1 of its levels.

Inventory:

Hand Weapons
 f - a +0 dagger (weapon)
Armour
 b - a +0 leather armour (worn)
Wands
 c - a wand of flame (15) (quivered)
 d - a wand of charming (14)
 e - a wand of iceblast (5)


   Skills:
 + Level 1.4 Fighting
 - Level 2.1 Armour
 - Level 0.8 Dodging
 + Level 1.6 Stealth
 + Level 3.4 Evocations


You couldn't memorise any spells.
You didn't know any spells.
Your spell library was empty.

Dungeon Overview and Level Annotations

Branches:
Dungeon (1/15)

Altars:


Innate Abilities, Weirdness & Mutations

You cannot be hasted, slowed, berserked, paralysed or teleported.
You can dig through walls and to a lower floor.
You have a pair of large antennae on your head. (SInv)
Your four strong arms can wield two-handed weapons with a shield.


Message History

Aim: a hobgoblin (chance to affect: 73%)
The hobgoblin is charmed.
The kobold hits you with a +0 dagger.
A bat comes into view.
The kobold hits you but does no damage. The kobold attacks as you move away!
The kobold hits you with a +0 dagger.
The kobold throws a stone.
The stone hits you. The bat misses you.
You completely miss the kobold.
The bat hits your hobgoblin but does no damage.
The bat hits your hobgoblin.
Your hobgoblin closely misses the kobold.
The kobold hits you but does no damage. The bat closely misses your hobgoblin.
You hit the kobold. The bat closely misses your hobgoblin.
The bat hits your hobgoblin but does no damage.
Your hobgoblin closely misses the bat.
The kobold hits you with a +0 dagger.
The bat hits your hobgoblin but does no damage.
A kobold comes into view. It is wielding a +0 short sword.
The bat hits you but does no damage.
Your hobgoblin completely misses the kobold.
The kobold barely misses you.
Things that are here:
a +0 club; a giant cockroach corpse The kobold hits something with a +0 dagger.
Something hits the bat.
The bat dies!
There are no items here.
Something closely misses the kobold.
The kobold hits something but does no damage.
The kobold closely misses you.
Something closely misses the kobold.
The kobold hits something but does no damage.
You barely miss the kobold.
The kobold barely misses something.
The kobold barely misses you.
Something closely misses the kobold.
You hit the kobold.
The kobold hits you with a +0 short sword.
* * * LOW HITPOINT WARNING * * *
Something hits the kobold.
The kobold dies!
You hit the kobold but do no damage.
The kobold hits you with a +0 short sword.
You die...

#. ..... .
..#...# . #
.#.#.#.# #.
..#.#.#
#####.#.#.#.#
.?..........#.###
.##....#...K.....
#....#)K♣♣♣♣♣♣♣♣♣
#....#g♣@.PP..PP♣
#....#.♣...P..PP♣
#....#.♣P...PP..♣
#....#.♣PP.<.P..♣
#)...#.♣..P...PP♣
{ #.♣..PP...P♣
#.♣PP..P...♣
#.♣PP..PP..♣
♣♣♣♣♣♣♣♣♣(.


You could see a kobold.

Vanquished Creatures
  A giant cockroach (D:1)
  A goblin (D:1)
2 creatures vanquished.

Vanquished Creatures (collateral kills)
  A bat (D:1)
  A kobold (D:1)
2 creatures vanquished.

Grand Total: 4 creatures vanquished

Notes
Turn   | Place    | Note
-------+----------+-------------------------------------------
     0 | D:1      | ragingrage the Formicid Artificer began the quest for the
                  | Orb.
     0 | D:1      | Reached XP level 1. HP: 15/15 MP: 1/1
    55 | D:1      | Slain by a kobold

Illustrated notes

Levels and vault maps discovered:
D:1:      scummos_arrival_checkerplants, layout_basic

Action                     || total
---------------------------++-------
  Melee: Dagger            ||    16
         Club              ||    10
  Evoke: Wand              ||     1
 Armour: Leather armour    ||     8
  Dodge: Dodged            ||    17

Table legend: (Time is in decaauts)
 A = Elapsed time spent in this place.
 B = Non-inter-level travel time spent in this place.
 C = Inter-level travel time spent in this place.
 D = Time resting spent in this place.
 E = Time spent auto-exploring this place.
 F = Levels seen in this place.
 G = Mean time per level.
                   A        B        C        D        E       F      G
               +--------+--------+--------+--------+--------+-----+--------+
         Total |     57 |     57 |      0 |      0 |      3 |   1 |   57.0 |
       Dungeon |     57 |     57 |      0 |      0 |      3 |   1 |   57.0 |
               +--------+--------+--------+--------+--------+-----+--------+

Top non-repeatable levels by time:
     D:1: 57 daAuts
